AoeStats
← Matute3232

Arabia

510195941Analyzed
1v1 RM · 2d ago on Sep 29, 2026· 69m 31s· 2 players
Game mode
Random Map
Map size
Tiny (2 player)
Population
200
Speed
Normal
Resources
Standard
Victory
Conquest
Starting age
Dark Age
Ending age
Imperial Age
RankedLock teamsTeams togetherTeam positionsShared explorationLock speedFull tech treeHidden civsTurbo modeCheats
Victory
Defeat
🇦🇷 Chinese · Argentina
1340
+17
🇦🇷 Mongols · Argentina
1366
-17
Matute3232
0:25 Loom
9:19 Feudal Age
10:03 Double-Bit Axe
16:09 Fletching
17:02 Horse Collar
21:45 Castle Age
20:07 Padded Archer Armor
20:05 Gold Mining
21:01 Scale Mail Armor
21:50 Forging
22:43 Leather Archer Armor
22:23 Bodkin Arrow
22:52 Crossbowman
23:48 Bow Saw
25:31 Iron Casting
25:22 Squires
26:23 Wheelbarrow
27:04 Chain Mail Armor
28:52 Leather Archer Armor
30:14 Hand Cart
30:20 Hand Cart
37:44 Imperial Age
36:41 Gold Shaft Mining
36:00 Stone Mining
38:03 Town Watch
40:35 Chemistry
40:57 Plate Mail Armor
41:39 Arson
41:44 Elite Fire Lancer
44:30 Conscription
45:30 Blast Furnace
49:38 Guard Tower
50:48 Bracer
51:18 Ring Archer Armor
58:17 Elite Skirmisher
60:54 Thumb Ring
66:11 Ballistics
68:42 Scale Barding Armor
CHIMICHURRI
6:17 Loom
8:48 Feudal Age
9:17 Double-Bit Axe
17:31 Fletching
21:55 Castle Age
21:10 Bloodlines
20:41 Horse Collar
20:52 Gold Mining
22:53 Bow Saw
23:28 Bow Saw
23:37 Scale Barding Armor
25:06 Forging
30:29 Husbandry
31:31 Chain Barding Armor
34:07 Town Watch
35:02 Wheelbarrow
41:05 Imperial Age
40:13 Stone Mining
40:52 Hand Cart
41:21 Bodkin Arrow
41:26 Padded Archer Armor
41:08 Heavy Cavalry Archer
43:09 Chemistry
43:22 Leather Archer Armor
42:34 Light Cavalry
44:29 Bracer
45:22 Thumb Ring
46:46 Ballistics
49:14 Parthian Tactics
53:10 Elite Skirmisher
55:16 Hussar
55:59 Scale Mail Armor
58:36 Iron Casting
Connection lost

Rejoining the realm…

Still unreachable

The connection could not be restored.

Session expired

The server has moved on; the page needs a fresh start.